 Dungeon Crawl Stone Soup version 0.18-a0-1060-g4fac74f (webtiles) character file.

154 tof the Covered (level 5, -2/42 HPs)
             Began as a Formicid Fighter on Jan 12, 2016.
             Was an Initiate of Ru.
             Slain by a crocodile (10 damage)
             ... in a sewer.
             The game lasted 00:08:17 (3100 turns).

tof the Covered (Formicid Fighter)                  Turns: 3100, Time: 00:08:17

Health: -2/42      AC:  8    Str: 21    XL:     5   Next: 63%
Magic:  5/5        EV:  6    Int:  7    God:    Ru [......]
Gold:   178        SH: 14    Dex: 11    Spells: 0 memorised, 4 levels left

rFire  . . .     SeeInvis +     a - +0 trident
rCold  + . .     Gourm    .     b - +0 scale mail
rNeg   . . .     Faith    .     r - +0 large shield
rPois  .         Spirit   .     (helmet unavailable)
rElec  .         Dismiss  .     j - +0 cloak
rCorr  .         Reflect  .     (no gloves)
SustAt .         Harm     .     (no boots)
MR     .....                    (no amulet)
Stlth  ..........               u - ring of ice
                                o - ring of protection from fire

@: drained, not resistant to hostile enchantments, extremely unstealthy
A: permanent stasis, dig shafts and tunnels, four strong arms, antennae 3
a: Dig, Shaft Self, Renounce Religion


You were in a sewer.
You worshipped Ru.
Ru was noncommittal.
You were not hungry.

You visited 1 branch of the dungeon, and saw 4 of its levels.
You also visited: Sewer.

You collected 178 gold pieces.

Inventory:

Hand Weapons
 a - a +0 trident (weapon)
Missiles
 g - 12 poisoned needles
Armour
 b - a +0 scale mail (worn)
 c - a +0 shield
 j - a +0 cloak (worn)
 r - a +0 large shield (worn)
Jewellery
 o - a ring of protection from fire (left hand)
 u - a ring of ice (right hand)
Scrolls
 e - a scroll of teleportation
 i - 4 scrolls of identify
 k - 3 scrolls of remove curse
 l - 2 scrolls of magic mapping
 n - a scroll of recharging {unknown}
 s - a scroll of enchant armour {unknown}
 v - a scroll of enchant weapon {unknown}
 x - a scroll of noise {unknown}
Potions
 d - 2 potions of might
 h - 2 potions of heal wounds {unknown}
 p - 2 potions of degeneration {unknown}
 q - a potion of cancellation {unknown}
 t - a potion of berserk rage {unknown}
 w - a potion of cure mutation {unknown}
 z - 2 potions of curing {unknown}
 A - a potion of mutation {unknown}
Comestibles
 f - 3 chunks of flesh
 m - 3 meat rations


   Skills:
 + Level 4.1(3.8) Fighting
 + Level 2.6(2.3) Polearms
 + Level 4.7(4.3) Armour
 + Level 0.6(0.3) Dodging
 + Level 0.6(0.4) Stealth
 + Level 4.4(4.1) Shields


You had 4 spell levels left.
You didn't know any spells.

Dungeon Overview and Level Annotations

Branches:
Dungeon (4/15)
 Temple: D:4-7

Altars:
Ashenzari
Dithmenos
Kikubaaqudgha
Ru
Vehumet


Innate Abilities, Weirdness & Mutations

You are under a permanent stasis effect.
You can dig through walls and to a lower floor.
Your four strong arms can wield two-handed weapons with a shield.
You have a pair of large antennae on your head (SInv).


Message History

You closely miss the crocodile. You block the crocodile's attack.
You closely miss the crocodile. The crocodile barely misses you.
You closely miss the crocodile. The crocodile bites you! x2
You hit the crocodile but do no damage.
The crocodile bites you but does no damage.
You hit the crocodile.
The crocodile is lightly wounded.
You block the crocodile's attack.
You hit the crocodile but do no damage.
The crocodile is lightly wounded.
The crocodile bites you!
* * * LOW HITPOINT WARNING * * *
You block the crocodile's attack.
You enter the shallow water.
Moving in this stuff is going to be slow.
You block the crocodile's attack. You block the crocodile's attack.
You block the crocodile's attack. The crocodile bites you!
You die...

### #≈# ########
#≈###### ###......###
##≈##...#
###...≈≈≈....###
#.≈.#.∩.#
#[.##.....####≈t.≈.###
#.≈...∩.# #.≈..≈###
###@....###≈≈.....#
#.....≈##
##...≈.≈≈.)÷#####
###...≈≈
###...≈.###≈≈.....#
#$.##.....####.....###
#.≈.....# #"
###......≈...###
#.≈.#...# #
##....≈.### ##≈##...#
######## #≈###.##
#≈##..# #≈##..#


You could see a crocodile.

Vanquished Creatures
  Jessica (D:3)
  2 gnolls (D:1)
  6 adders
  A worm (D:4)
  2 orcs (D:3)
  7 giant cockroaches
  4 goblins
  6 hobgoblins
  4 jackals
  2 quokkas
  A ball python (D:3)
  6 bats
  A giant newt (D:1)
  6 kobolds
  3 rats
52 creatures vanquished.

Notes
Turn   | Place    | Note
--------------------------------------------------------------
     0 | D:1      | tof the Formicid Fighter began the quest for the Orb.
     0 | D:1      | Reached XP level 1. HP: 18/18 MP: 1/1
   115 | D:1      | Reached XP level 2. HP: 24/24 MP: 2/2
   444 | D:1      | Reached XP level 3. HP: 27/29 MP: 3/3
   472 | D:1      | Reached skill level 4 in Armour
  1024 | D:2      | Found a shattered altar of Ashenzari.
  1238 | D:2      | Found a radiant altar of Vehumet.
  1247 | D:2      | Reached XP level 4. HP: 37/37 MP: 4/4
  1698 | D:2      | Found an ancient bone altar of Kikubaaqudgha.
  2050 | D:3      | Found a faded altar to an unknown god.
  2153 | D:3      | Found a sacrificial altar of Ru.
  2166 | D:3      | Became a worshipper of Ru the Awakened
  2177 | D:3      | Noticed Jessica
  2180 | D:3      | Killed Jessica
  2180 | D:3      | Reached XP level 5. HP: 42/42 MP: 5/5
  2913 | D:4      | Found a shadowy altar of Dithmenos.
  3006 | D:4      | Found a glowing drain.
  3011 | Sewer    | Entered a sewer
  3082 | Sewer    | Noticed a crocodile
  3100 | Sewer    | Slain by a crocodile

Vault maps used:
D:1:      eino_arrival_water_star, grunt_decor_clamped, minmay_crystal_water
D:2:      nicolae_ashenzari_panopticon, lemuel_doored_altar, vehumet_crystals,
          serial_forest, infiniplex_forest_straight_2,
          infiniplex_forest_straight_4, infiniplex_forest_pool,
          infiniplex_forest_corner_1, infiniplex_forest_lined_3,
          infiniplex_forest_corner_2, infiniplex_forest_lined_corner,
          infiniplex_forest_lined_corner
D:3:      ecumenical_altar_1, lemuel_tele_altar, uniq_jessica
D:4:      corexii_shack_village, first_bread, gup_sewer_entry_bowl,
          serial_shops, nicolae_shop_behind_doors,
          grunt_dithmenos_smoke_and_mirrors, uniq_pikel
Sewer:    sewer_the_crocodile

Action                   |  1- 3 |  4- 6 || total
-------------------------+-------+-------++-------
Melee: Trident           |    83 |   153 ||   236
 Abil: Dig               |       |     2 ||     2
  Use: Scroll            |       |     3 ||     3
  Eat: Chunk             |     1 |     5 ||     6
       Bread ration      |       |     1 ||     1
